 Dungeon Crawl Stone Soup version 0.30.0-29-ga12c61a403 (webtiles) character file.

Game seed: 17214036431262638826

246 monsoonserge the Cudgeller (level 5, -1/53 HPs)
             Began as a Troll Berserker on June 17, 2023.
             Was a Believer of Trog.
             Slain by a gnoll bouda
             ... wielding a +0 club
              (8 damage)
             ... on level 4 of the Dungeon.
             The game lasted 00:05:48 (1725 turns).

monsoonserge the Cudgeller (Troll Berserker)        Turns: 1725, Time: 00:05:49

Health: -1/53      AC:  4    Str: 27    XL:     5   Next: 84%
Magic:  4/4        EV: 10    Int:  3    God:    Trog [**....]
Gold:   107        SH:  0    Dex:  9    Spells: 4/4 levels left

rFire   . . .        x - +1 hand axe (flame)
rCold   . . .        (no shield)
rNeg    . . .        b - +0 animal skin
rPois   .            (helmet restricted)
rElec   .            (no cloak)
rCorr   .            (gloves unavailable)
SInv    .            (boots unavailable)
Will    .....        (no amulet)
Stlth   +            (no ring)
HPRegen 1.08/turn    (no ring)
MPRegen 0.09/turn

%: no passive effects
@: on berserk cooldown, slowed, very slow
A: large, unfitting armour, claws 3, regeneration 1, shaggy fur 1, tough skin 1
a: Renounce Religion, Berserk, Trog's Hand


You were on level 4 of the Dungeon.
You worshipped Trog.
Trog was pleased with you.
You visited 1 branch of the dungeon, and saw 4 of its levels.

You collected 107 gold pieces.

Inventory:

Hand Weapons
 x - a +1 hand axe of flaming (weapon)
Missiles
 f - 4 poisoned darts (quivered)
Armour
 b - a +0 animal skin (worn)
Wands
 a - a wand of flame (11)
Scrolls
 c - 6 scrolls of identify {unknown}
 e - 2 scrolls of enchant weapon {unknown}
 g - a scroll of vulnerability {unknown}
 h - a scroll of blinking {unknown}
 l - a scroll of summoning {unknown}
 m - a scroll of fear {unknown}
 p - a scroll of noise {unknown}
 q - 2 scrolls of brand weapon {unknown}
 v - a scroll of magic mapping {unknown}
 w - a scroll of enchant armour {unknown}
Potions
 d - 3 potions of lignification {unknown}
 i - a potion of degeneration {unknown}
 j - a potion of resistance
 k - a potion of brilliance {unknown}
 n - a potion of attraction {unknown}
 o - 2 potions of cancellation {unknown}
 r - a potion of mutation {unknown}
 s - 2 potions of might {unknown}
 t - 2 potions of magic {unknown}
 u - 2 potions of flight {unknown}


   Skills:
 + Level 3.3 Fighting
 + Level 0.6(2.3) Axes
 + Level 4.0(4.1) Maces & Flails
 + Level 3.7 Dodging
 + Level 0.4 Stealth


You had 4 spell levels left.
You didn't know any spells.
Your spell library contained the following spells:

 Spells                   Type           Power      Damage    Failure   Level
 Beastly Appendage        Tmut           0%         N/A       52%         1
 Kiss of Death            Conj/Necr      0%         2d5       52%         1
 Blink                    Tloc           0%         N/A       67%         2
 Lesser Beckoning         Tloc           0%         N/A       67%         2
 Momentum Strike          Conj/Tloc      0%         3d8       67%         2
 Wereblood                Tmut           0%         N/A       67%         2
 Confusing Touch          Hex            0%         N/A       88%         3
 Spider Form              Tmut/Pois      0%         N/A       88%         3
 Dispel Undead            Necr           0%         3d6       99%         4


Dungeon Overview and Level Annotations

Branches:
Dungeon (4/15)
 Temple: D:4-7

Altars:
Cheibriados
Vehumet

Annotations:
D:3 1 runed translucent door, seaoflcl's ghost, amateur DsCK


Innate Abilities, Weirdness & Mutations

You are too large for most types of armour.
You have claws for hands.
Your natural rate of healing is unusually fast.
You are covered in fur. (AC +1)
You have tough skin. (AC +1)


Message History

Blork the orc hits you with a +0 scimitar!
You slash Blork the orc! You burn Blork the orc.
You kill Blork the orc!
Trog accepts your kill.
Trog appreciates your killing of a magic user.
You hit the gnoll. You burn the gnoll. The gnoll closely misses you.
A gnoll bouda comes into view. It is wielding a +0 club.
Your Maces & Flails skill increases to level 4!
The gnoll bouda shouts!
You slash the gnoll! You burn the gnoll.
You kill the gnoll!
Trog accepts your kill.
You hear a shout! x2
The gnoll barely misses you.
Things that are here:
a +0 scimitar; a +0 robe A gnoll comes into view.
It is wielding a +0 whip.
You feel a strong urge to attack something.
A gnoll comes into view. It is wielding a +0 flail.
The gnoll barely misses you.
There is a stone staircase leading down here.
You slash the gnoll! You burn the gnoll.
You kill the gnoll!
Trog accepts your kill.
Things that are here:
a +0 scimitar; a +0 robe You feel a strong urge to attack something.
You are no longer berserk.
You are exhausted.
You feel yourself slow down.
The gnoll bouda hits you with a +0 club!
* * * LOW HITPOINT WARNING * * *
You closely miss the gnoll bouda.
The gnoll bouda hits you with a +0 club.
* * * LOW HITPOINT WARNING * * *
You hit the gnoll bouda but do no damage.
The gnoll bouda hits you with a +0 club!
* * * LOW HITPOINT WARNING * * *
The gnoll bouda hits you with a +0 club!
You die...

## #.# ##g...# ##
.....# .. ..#g##.
..... ..... ...# ...#
# #..# #).#.#
#..####g.#.###
#####...g@)......#
####
#.......###.)..#.#
..# #.####......#.##
#.#####.##......###.#
##.##.##.##.##.### .#
...<...........# #
##.##.########## .
...#### ####


You could see a gnoll bouda and a gnoll.

Vanquished Creatures
  Blork the orc (D:4)
  Natasha (thrice) (D:2)
  2 gnolls (D:4)
  2 adders (D:2)
  An ufetubus (D:4)
  A worm (D:2)
  A dart slug (D:2)
  6 ball pythons
  4 endoplasms
  A giant cockroach (D:3)
  3 goblins
  5 hobgoblins
  6 jackals
  A quokka (D:1)
  5 bats
  3 frilled lizards
  5 kobolds
  8 rats
58 creatures vanquished.

Notes
Turn   | Place    | Note
-------+----------+-------------------------------------------
     0 | D:1      | monsoonserge the Troll Berserker began the quest for the
                  | Orb.
     0 | D:1      | Reached XP level 1. HP: 22/22 MP: 0/0
   447 | D:1      | Reached XP level 2. HP: 29/29 MP: 1/1
   816 | D:2      | Reached skill level 3 in Maces & Flails
   873 | D:2      | Noticed Natasha
   880 | D:2      | Killed Natasha
   881 | D:2      | Reached XP level 3. HP: 29/36 MP: 2/2
   887 | D:2      | Noticed Natasha
   897 | D:2      | Killed Natasha
   898 | D:2      | Reached XP level 4. HP: 40/45 MP: 3/3
   914 | D:2      | Found a radiant altar of Vehumet.
  1147 | D:2      | Noticed Natasha
  1158 | D:2      | Killed Natasha
  1176 | D:2      | Reached ** piety under Trog
  1277 | D:3      | Found a runed translucent door.
  1277 | D:3      | Noticed seaoflcl's ghost (amateur DsCK)
  1282 | D:3      | Identified the +8 rapier of Zowiral {elec, *Slow Str+10}
  1314 | D:3      | Found a snail-covered altar of Cheibriados.
  1398 | D:3      | Reached XP level 5. HP: 53/53 MP: 4/4
  1709 | D:4      | Noticed Blork the orc
  1717 | D:4      | Killed Blork the orc
  1718 | D:4      | Reached skill level 4 in Maces & Flails
  1725 | D:4      | Slain by a gnoll bouda

Illustrated notes

Levels and vault maps discovered:
D:1:      grunt_arrival_crossed_arrows, layout_basic, minmay_statues_item,
          minmay_pentomino_r2
D:2:      layout_rooms, basic_altar, minmay_misc_feat_tiny, uniq_natasha
D:3:      layout_rooms, mainiacjoe_overflow_small_starburst,
          gammafunk_ghost_grave
D:4:      layout_loops_cross, pdpol_wu_jian_five_deadly_venoms,
          uniq_blork_the_orc

Skill      XL: |  1  2  3  4  5 |
---------------+----------------+-----
Maces & Flails | 3 4 |  4.0
Fighting       | 3 |  3.3
Dodging        | 3 |  3.7
Axes           | |  0.6
Stealth        | |  0.4

Action                     |  1- 3 |  4- 6 || total
---------------------------+-------+-------++-------
  Melee: Mace              |    48 |    62 ||   110
         Rapier            |       |    30 ||    30
         Hand axe          |       |    21 ||    21
 Invoke: Berserk           |     1 |     1 ||     2
   Stab: Distracted        |     1 |       ||     1
 Armour: Animal skin       |    39 |    54 ||    93
  Dodge: Dodged            |    39 |    90 ||   129
